 Dungeon Crawl Stone Soup version 0.18.1-50-g88ac8fd (webtiles) character file.

163 Amnesiac the Ducker (level 5, 0/28 HPs)
             Began as a Deep Elf Fighter on Mar 1, 2018.
             Slain by a worker ant (4 damage)
             ... on level 4 of the Dungeon.
             The game lasted 00:04:19 (1634 turns).

Amnesiac the Ducker (Deep Elf Fighter)              Turns: 1634, Time: 00:04:21

Health: 0/28       AC:  8    Str: 14    XL:     5   Next: 20%
Magic:  7/7        EV:  8    Int: 13    God:
Gold:   114        SH:  8    Dex: 14    Spells: 0 memorised, 4 levels left

rFire  . . .     SeeInvis .     a - +1 rapier
rCold  . . .     Gourm    .     b - +0 scale mail
rNeg   . . .     Faith    .     c - +0 shield
rPois  .         Spirit   .     (no helmet)
rElec  .         Dismiss  .     (no cloak)
rCorr  .         Reflect  .     (no gloves)
SustAt .         Harm     .     (no boots)
MR     .....                    (no amulet)
Stlth  ..........               (no ring)
                                (no ring)

@: lethally poisoned (0 -> -5), not resistant to hostile enchantments, extremely
unstealthy
A: yellow scales 1, frail 1
a: no special abilities


You were on level 4 of the Dungeon.
You were not hungry.

You visited 1 branch of the dungeon, and saw 4 of its levels.

You collected 114 gold pieces.

Inventory:

Hand Weapons
 a - a +1 rapier (weapon)
Missiles
 e - a stone (quivered)
 k - 22 poisoned needles
Armour
 b - a +0 scale mail (worn)
 c - a +0 shield (worn)
Jewellery
 t - an uncursed ring of resist corrosion {unknown}
Scrolls
 g - a scroll of identify {!r, unknown}
 i - a scroll of noise {!r, unknown}
 l - a scroll of recharging {!r, unknown}
 n - a scroll of remove curse {!r, unknown}
 r - 2 scrolls of enchant weapon {!r}
Comestibles
 d - 5 chunks of flesh
 f - a bread ration


   Skills:
 * Level 3.3 Fighting
 - Level 2.0 Short Blades
 * Level 3.4 Armour
 + Level 3.4 Dodging
 - Level 2.4 Shields


You had 4 spell levels left.
You didn't know any spells.

Dungeon Overview and Level Annotations

Branches:
Dungeon (4/15)
 Temple: D:4-7

Altars:


Innate Abilities, Weirdness & Mutations

You are partially covered in yellow scales (AC +2).
You are frail (-10% HP).


Message History

The worker ant twitches its antennae in your direction.
You see here a jackal skeleton.
The worker ant waves its antennae.
The worker ant bites you.
You barely miss the worker ant. You block the worker ant's attack.
You hit the worker ant but do no damage.
You block the worker ant's attack.
You hit the worker ant but do no damage.
The worker ant barely misses you.
The worker ant bites you but does no damage.
Your shield prevents you from hitting the worker ant.
The worker ant bites you but does no damage.
You closely miss the worker ant. The worker ant closely misses you.
The worker ant barely misses you.
You hit the worker ant.
The worker ant is lightly wounded.
You block the worker ant's attack.
You hit the worker ant but do no damage.
The worker ant is lightly wounded.
You block the worker ant's attack.
The worker ant bites you but does no damage.
You hit the worker ant but do no damage.
The worker ant is lightly wounded.
You block the worker ant's attack.
You closely miss the worker ant.
The worker ant is lightly wounded.
The worker ant bites you.
* * * LOW HITPOINT WARNING * * *
The worker ant bites you but does no damage.
You hit the worker ant.
The worker ant is heavily wounded.
The worker ant barely misses you.
You completely miss the worker ant.
The worker ant is heavily wounded.
The worker ant barely misses you.
You barely miss the worker ant.
The worker ant is heavily wounded.
The worker ant closely misses you.
The worker ant bites you but does no damage.
You hit the worker ant but do no damage.
The worker ant is heavily wounded.
The worker ant bites you.
* * * LOW HITPOINT WARNING * * *
You barely miss the worker ant.
The worker ant is heavily wounded.
The worker ant bites you.
* * * LOW HITPOINT WARNING * * *
You are lethally poisoned!
The worker ant poisons you!
The worker ant bites you but does no damage.
You are too injured to fight recklessly!
You are too injured to fight recklessly!
You are too injured to fight recklessly!
You are too injured to fight recklessly!
You aren't carrying any potions.
Read which item? (? for menu, Esc to quit)
Really read
r - 3 scrolls labeled ZIDDEORGH AVEE {!r}?
As you read the scroll labeled ZIDDEORGH AVEE {!r}, it crumbles to dust.
It is a scroll of enchant weapon.
Enchant which weapon? (? for menu, Esc to quit)
Your +0 rapier glows red for a moment.
* * * LOW HITPOINT WARNING * * *
You feel sick. The worker ant bites you.
You die...

#.#....#.....
#.#..........
#.#........
#.#......##.# .
#.#...)..>..# ..
#.#.....# #...
##.##....####....#
###...a.............
#....@.....####.####
####รท#)..###....#
#...### #.#### #.###
#.# ###.## ###.#
#....# #.<.# #....#
#)########
#....####.........
#....##..(.#######


You could see a worker ant.

Vanquished Creatures
  A hound (D:4)
  2 orc wizards
  3 adders
  A gnoll (D:3)
  A worm (D:3)
  7 orcs
  3 bats
  A giant cockroach (D:1)
  A hobgoblin (D:1)
  7 jackals
  A giant newt (D:4)
  4 kobolds
  5 rats
37 creatures vanquished.

Vanquished Creatures (others)
  A quokka (D:4)
1 creature vanquished.

Grand Total: 38 creatures vanquished

Notes
Turn   | Place    | Note
--------------------------------------------------------------
     0 | D:1      | Amnesiac the Deep Elf Fighter began the quest for the Orb.
     0 | D:1      | Reached XP level 1. HP: 13/13 MP: 3/3
    46 | D:1      | Reached skill level 1 in Dodging
   156 | D:1      | Reached XP level 2. HP: 18/18 MP: 4/4
   494 | D:3      | Reached XP level 3. HP: 22/22 MP: 5/5
  1204 | D:3      | Gained mutation: You are partially covered in yellow scales (AC +2). [potion of mutation]
  1204 | D:3      | Gained mutation: You are frail (-10% HP). [potion of mutation]
  1209 | D:3      | Reached XP level 4. HP: 25/25 MP: 6/6
  1519 | D:4      | Reached XP level 5. HP: 14/28 MP: 7/7
  1634 | D:4      | Slain by a worker ant

Skill      XL: |  1  2  3 |
---------------+----------+-----
Dodging        | 2 3 |  3.4
Fighting       | 3 |  3.3
Armour         | 3 |  3.4
Short Blades   | |  2.0
Shields        | |  2.4

Action                   |  1- 3 |  4- 6 || total
-------------------------+-------+-------++-------
Melee: Rapier            |   115 |    79 ||   194
  Use: Potion            |     3 |     5 ||     8
       Scroll            |       |     1 ||     1
 Stab: Invisible         |       |     3 ||     3
  Eat: Chunk             |     1 |     3 ||     4
Armor: Scale mail        |    58 |    50 ||   108
Dodge: Dodged            |    36 |    38 ||    74
Block: Shield            |    46 |    44 ||    90
